 Dungeon Crawl Stone Soup version 0.16-a0-2010-g98bc240 (webtiles) character file.

98 Kraw the Distorting Halfling (level 5, 0/35 HPs)
             Began as a Halfling Abyssal Knight on Nov 9, 2014.
             Was a Believer of Lugonu.
             Succumbed to an adder's poison
             ... on level 2 of the Dungeon.
             The game lasted 00:07:25 (1783 turns).

Kraw the Distorting Halfling (HaAK)                 Turns: 1783, Time: 00:07:25

Health: 0/35       AC:  3    Str: 12    XL:     5   Next: 1%
Magic:  9/9        EV: 17    Int: 11    God:    Lugonu [**....]
Gold:   143        SH:  0    Dex: 20    Spells: 0 memorised, 4 levels left

rFire  . . .     SeeInvis .     a - +1 short sword
rCold  . . .     Clarity  .     h - +0 leather armour
rNeg   . . .     SustAb   .     (no shield)
rPois  .         Gourm    .     (no helmet)
rElec  .         Spirit   .     (no cloak)
rCorr  .         Warding  .     (no gloves)
rMut   .         Stasis   .     (no boots)
MR     .....                    (no amulet)
Stlth  +++.......               (no ring)
                                (no ring)

@: agile, lethally poisoned, very slightly contaminated, invisible, not
resistant to hostile enchantments, fairly stealthy
A: mutation resistance 1
a: Depart the Abyss, Bend Space, Renounce Religion


You were on level 2 of the Dungeon.
You worshipped Lugonu.
Lugonu was pleased with you.
You were hungry.

You visited 1 branch of the dungeon, and saw 2 of its levels.
You visited the Abyss 1 time.

You collected 143 gold pieces.

Inventory:

Hand weapons
 a - a +1 short sword (weapon)
 b - a +0 hunting sling
 u - a +2 short sword of venom
Missiles
 f - 6 needles of confusion
 l - 45 sling bullets
Armour
 h - a +0 leather armour (worn)
Jewellery
 n - a cursed ring of loudness {unknown}
Scrolls
 d - a scroll of amnesia {unknown}
 e - a scroll of blinking {unknown}
 g - a scroll of enchant weapon {unknown}
 i - a scroll of immolation {unknown}
 r - a scroll of remove curse {unknown}
 s - a scroll of fear {unknown}
 v - a scroll of magic mapping {unknown}
 w - a scroll of identify {unknown}
Potions
 j - a potion of brilliance {unknown}
 k - a potion of haste {unknown}
 m - a potion of agility
 o - a potion of beneficial mutation {unknown}
 p - a potion of heal wounds {unknown}
 t - a potion of cure mutation
 x - a potion of degeneration {unknown}
Comestibles
 c - a bread ration


   Skills:
 - Level 2.6 Fighting
 - Level 3.2 Short Blades
 - Level 2.1 Armour
 - Level 1.1 Dodging
 + Level 4.8 Invocations


You had 4 spell levels left.
You didn't know any spells.

Dungeon Overview and Level Annotations

Branches:
Dungeon (2/15)

Altars:
Fedhas
Kikubaaqudgha


Innate Abilities, Weirdness & Mutations

You are small and have problems with some larger weapons.
You are somewhat resistant to further mutation.


Message History

Drink which item? (? for menu, Esc to quit)
It has a very clean taste.
It was a potion of cure mutation.
* * * LOW HITPOINT WARNING * * *
You feel sick. The adder closely misses you. The adder bites you.
* * * LOW HITPOINT WARNING * * *
Drink which item? (? for menu, Esc to quit)
You feel agile all of a sudden.
It was a potion of agility.
* * * LOW HITPOINT WARNING * * *
You feel sick. The adder bites you.
* * * LOW HITPOINT WARNING * * *
Drink which item? (? for menu, Esc to quit)
You fade into invisibility!
It was a potion of invisibility.
* * * LOW HITPOINT WARNING * * *
You feel sick. The adder barely misses you.
You are very lightly contaminated with residual magic.
You hit the adder but do no damage.
The adder is almost dead.
You die...

##. ####.....
.####.#.#...###
#.........####
.#####.....##### .#
#..........#. #.#
#.#.....##.#. #(#
#.##...###.#.
###S###.###..###.##
#.@...#.# ##.##...#
#.###.#.###.#......
#.# #..(...###.....
#.###.#.###.#......
#.....#.)....(.....
###################


You could see an adder.

Vanquished Creatures
  2 adders (D:2)
  3 gnolls
  2 giant mites
  A worm (D:2)
  A giant gecko (D:1)
  2 ball pythons
  2 bats (D:2)
  4 bat zombies (D:2)
  A giant cockroach (D:2)
  3 goblins
  2 hobgoblins (D:1)
  5 kobolds
  A quokka (D:2)
  3 giant newts
  2 rats
  A rat zombie (D:2)
35 creatures vanquished.

Notes
Turn   | Place    | Note
--------------------------------------------------------------
     0 | Abyss:1  | Kraw, the Halfling Abyssal Knight, began the quest for the Orb.
     0 | Abyss:1  | Reached XP level 1. HP: 15/15 MP: 1/1
    43 | Abyss:1  | Noticed a small abomination
    45 | D:1      | Escaped the Abyss
   207 | D:1      | Reached skill level 3 in Short Blades
   209 | D:1      | Acquired Lugonu's first power
   328 | D:1      | Reached XP level 2. HP: 17/20 MP: 2/2
   826 | D:2      | Reached XP level 3. HP: 25/25 MP: 5/5
  1013 | D:1      | Reached skill level 4 in Invocations
  1013 | D:1      | Reached XP level 4. HP: 22/30 MP: 7/7
  1465 | D:2      | Found a blossoming altar of Fedhas.
  1561 | D:2      | Acquired Lugonu's second power
  1587 | D:2      | Found an ancient bone altar of Kikubaaqudgha.
  1742 | D:2      | Reached XP level 5. HP: 35/35 MP: 7/9
  1782 | D:2      | HP: 1/35 [poisoned by an adder]
  1783 | D:2      | Succumbed to an adder's poison

Action                   |  1- 3 |  4- 6 || total
-------------------------+-------+-------++-------
Melee: Short sword       |    46 |    60 ||   106
 Fire: Hunting sling     |    29 |    26 ||    55
Invok: Depart the Abyss  |     1 |       ||     1
  Use: Potion            |       |     3 ||     3
  Eat: Chunk             |       |     2 ||     2
